AoeStats
← thomas89671173

Nomad

510109517Analyzed
4v4 RM · 4d ago on Sep 29, 2026· 30m 31s· 8 players
Game mode
Random Map
Map size
231×231
Population
200
Speed
Normal
Resources
Standard
Victory
Conquest
Starting age
Dark Age
Ending age
Imperial Age
RankedLock teamsTeams togetherTeam positionsShared explorationLock speedFull tech treeHidden civsTurbo modeCheats
Victory
Defeat
🇭🇰 Spanish · Hong Kong SAR China
1586
+10
🇭🇰 Italians · Hong Kong SAR China
1549
+11
🇭🇰 Koreans · Hong Kong SAR China
1471
+14
🇭🇰 Aztecs · Hong Kong SAR China
1371
+19
🇻🇳 Persians · Vietnam
1462
-14
🇪🇸 Burgundians · Spain
1456
-14
🇨🇳 Burmese · China
1443
-14
🇹🇼 Japanese · Taiwan
1395
-12
thomas89671173
5:22 Loom
13:07 Feudal Age
17:15 Castle Age
16:42 Double-Bit Axe
18:30 Bow Saw
19:36 Town Watch
20:06 Horse Collar
27:08 Wheelbarrow
hongiutradepbove
6:33 Loom
11:44 Feudal Age
12:27 Town Watch
16:19 Castle Age
15:07 Bloodlines
15:09 Double-Bit Axe
17:02 Scale Barding Armor
17:04 Gold Mining
18:08 Husbandry
19:49 Forging
李雾月
5:11 Loom
13:14 Feudal Age
15:30 Forging
15:25 Scale Barding Armor
15:40 Horse Collar
21:32 Castle Age
19:43 Gold Mining
20:39 Bloodlines
21:37 Light Cavalry
22:17 Husbandry
22:39 Chain Barding Armor
22:54 Iron Casting
23:43 Iron Casting
28:00 Wheelbarrow
28:58 Heavy Plow
TdB.victor2.01
6:54 Loom
17:37 Feudal Age
21:46 Castle Age
局長
5:23 Loom
14:50 Feudal Age
16:07 Double-Bit Axe
16:24 Stone Mining
19:07 Castle Age
18:03 Gold Mining
18:47 Fletching
18:57 Padded Archer Armor
21:09 Fishing Lines
25:44 Imperial Age
26:28 Gillnets
chiching818
3:50 Loom
13:44 Feudal Age
15:15 Fletching
15:18 Double-Bit Axe
15:54 Gold Mining
21:48 Castle Age
21:52 Stone Mining
22:18 Crossbowman
22:55 Bodkin Arrow
23:04 Town Watch
23:36 Thumb Ring
26:18 Ballistics
31:22 Wheelbarrow
羅敏莊
4:42 Loom
15:06 Feudal Age
19:25 Castle Age
17:07 Fishing Lines
20:46 Padded Archer Armor
21:59 Leather Archer Armor
22:53 Husbandry
23:04 Bloodlines
26:13 Double-Bit Axe
27:05 Gold Mining
王老吉字花檔
5:06 Loom
15:10 Feudal Age
16:39 Double-Bit Axe
16:46 Gold Mining
20:25 Castle Age
24:39 Imperial Age
23:24 Bow Saw
23:50 Gold Shaft Mining
24:01 Fervor
24:33 Sanctity
25:04 Wheelbarrow
24:14 Town Watch
24:11 Horse Collar
25:52 Block Printing
26:42 Illumination
28:22 Redemption
30:09 Devotion
30:45 Theocracy
30:05 Herbal Medicine
Connection lost

Rejoining the realm…

Still unreachable

The connection could not be restored.

Session expired

The server has moved on; the page needs a fresh start.